 Dungeon Crawl Stone Soup version 0.28-a0-1387-g3a22ab9bdc (webtiles) character file.

Game seed: 7555439274994036773

88 croobank the Chopper (level 4, -1/41 HPs)
             Began as a Minotaur Berserker on Jan 2, 2022.
             Was a Believer of Trog.
             Slain by a gnoll (10 damage)
             ... on level 4 of the Dungeon.
             The game lasted 00:07:23 (2490 turns).

croobank the Chopper (Minotaur Berserker)           Turns: 2490, Time: 00:07:24

Health: -1/41      AC:  3    Str: 23    XL:     4   Next: 30%
Magic:  3/3        EV: 12    Int:  4    God:    Trog [**....]
Gold:   85         SH:  0    Dex: 10    Spells: 3/3 levels left

rFire   . . .      SeeInvis .   a - +0 hand axe
rCold   . . .      Faith    .   (no shield)
rNeg    . . .      Spirit   .   b - +1 animal skin
rPois   .          Reflect  .   (helmet restricted)
rElec   .          Harm     .   (no cloak)
rCorr   .          Rampage  .   (no gloves)
Will    .....                   (no boots)
Stlth   +.........              (no amulet)
HPRegen 0.13/turn               (no ring)
MPRegen 0.08/turn               (no ring)

@: confused, ambrosia-drunk
A: horns 2, retaliatory headbutt
a: Renounce Religion, Berserk, Trog's Hand


You were on level 4 of the Dungeon.
You worshipped Trog.
Trog was pleased with you.
You visited 1 branch of the dungeon, and saw 4 of its levels.

You collected 125 gold pieces.
You spent 40 gold pieces at shops.

Inventory:

Hand Weapons
 a - a +0 hand axe (weapon)
 h - a +0 long sword
Missiles
 c - 32 arrows
Armour
 b - a +1 animal skin (worn)
Wands
 i - a wand of mindburst (13)
Scrolls
 f - 2 scrolls of teleportation
 n - a scroll of blinking {unknown}
Potions
 d - a potion of cancellation {unknown}
 e - 3 potions of invisibility
 g - a potion of flight
 j - a potion of brilliance {unknown}
 l - a potion of magic {unknown}
 m - 2 potions of might
 o - a potion of mutation {unknown}


   Skills:
 + Level 4.4 Fighting
 + Level 4.4 Axes
 + Level 3.5 Armour
 + Level 3.1 Dodging


You had 3 spell levels left.
You didn't know any spells.
Your spell library was empty.

Dungeon Overview and Level Annotations

Branches:
Dungeon (4/15)
 Temple: D:4-7

Altars:
Ashenzari
Hepliaklqana

Shops:
D:2 !


Innate Abilities, Weirdness & Mutations

You have a pair of horns on your head.
You reflexively headbutt those who attack you in melee.


Message History

You hit the gnoll but do no damage. You headbutt the gnoll!
The gnoll is severely wounded.
The gnoll hits you but does no damage.
You slash the gnoll!
You kill the gnoll!
Trog accepts your kill.
Things that are here:
a +0 club; a gnoll corpse The gnoll shouts!
You hear a shout!
You hit the gnoll but do no damage. The gnoll hits you with a +0 flail.
A gnoll comes into view. It is wielding a +0 flail.
You hit the gnoll.
The gnoll is moderately wounded.
The gnoll barely misses you.
You hit the gnoll but do no damage.
The gnoll is moderately wounded.
The gnoll hits you with a +0 flail.
You hit the gnoll.
You headbutt the gnoll, but do no damage.
The gnoll is severely wounded.
The gnoll hits you with a +0 flail!
You hit the gnoll.
The gnoll is almost dead.
You completely miss the gnoll. You barely miss the gnoll.
The gnoll completely misses you. The gnoll barely misses you.
You furiously retaliate!
You headbutt the gnoll. You barely miss the gnoll.
Your headbutt misses the gnoll.
The gnoll is moderately wounded.
You completely miss the gnoll. The gnoll hits you with a +0 flail!
* * * LOW HITPOINT WARNING * * *
The gnoll hits you with a +0 flail!
* * * LOW HITPOINT WARNING * * *
Things that are here:
a +0 club; a gnoll corpse It was a potion of ambrosia.
You are confused.
You feel invigorated. The gnoll barely misses you.
You are more confused.
You feel more invigorated. The gnoll hits you with a +0 flail!
You die...

#...#.......##......
#.#...#.##..#...#.#
#.##.##.##..<.....# #.
#..#.##.....[..# #
#.###.#.##........#.#
#.......###.......#.####
#.......####...........#
####.##......#.......#.##.#####
#........#.#.#..@g...# #......
.........#.#.#...g...# ....#
........#............# ....#
.............#.......###....#
..#....#####.#........)...#
.......# #.#.......###.##
.##....# #.######### ... ####.#
#.# ###.# #.#####.# #


You could see 2 gnolls.

Vanquished Creatures
  Jessica (D:3)
  A gnoll (D:4)
  2 worms
  2 dart slugs (D:2)
  3 endoplasms
  A giant cockroach (D:3)
  2 goblins (D:3)
  4 hobgoblins
  8 jackals
  2 kobolds
  2 quokkas
  3 ball pythons
  A bat (D:1)
  3 frilled lizards
  5 rats
40 creatures vanquished.

Vanquished Creatures (collateral kills)
  A giant cockroach (D:3)
1 creature vanquished.

Grand Total: 41 creatures vanquished

Notes
Turn   | Place    | Note
-------+----------+-------------------------------------------
     0 | D:1      | croobank the Minotaur Berserker began the quest for the
                  | Orb.
     0 | D:1      | Reached XP level 1. HP: 19/19 MP: 0/0
   445 | D:1      | Reached XP level 2. HP: 23/27 MP: 1/1
  1163 | D:2      | Found a faded altar of an unknown god.
  1349 | D:2      | Reached XP level 3. HP: 33/33 MP: 2/2
  1535 | D:2      | Found Neqiciun's Distillery.
  1544 | D:2      | Bought a potion of might for 40 gold pieces
  1782 | D:3      | Reached ** piety under Trog
  2028 | D:3      | Found a broken altar of Ashenzari.
  2148 | D:3      | Noticed Jessica
  2153 | D:3      | Killed Jessica
  2154 | D:3      | Reached XP level 4. HP: 36/40 MP: 3/3
  2284 | D:3      | Found a hazy altar of Hepliaklqana.
  2481 | D:4      | HP: 1/41 [gnoll (10)]
  2490 | D:4      | Slain by a gnoll

Illustrated notes

Levels and vault maps discovered:
D:1:      scummos_arrival_simple_crosswalls, layout_rooms, st_stairs_12
D:2:      layout_loops_corners, serial_shops, shop,
          shapermc_ecumenical_altar_mp_vishouse, minivault_4, minivault_11
D:3:      layout_rooms, evilmike_ruin_ashenzari, lemuel_doored_altar,
          uniq_jessica, uniq_crazy_yiuf_cottage, uniq_grinder
D:4:      layout_loops_cross, nicolae_ru_awakened_eye, nrook_mini_backslash

Skill      XL: |  1  2  3 |
---------------+----------+-----
Armour         | 3 |  3.5
Fighting       | 4 |  4.4
Axes           | 4 |  4.4
Dodging        | 3 |  3.1

Action                   |  1- 3 |  4- 6 || total
-------------------------+-------+-------++-------
Melee: Hand axe          |    55 |    19 ||    74
       Headbutt          |    14 |     4 ||    18
  Use: Scroll            |     5 |     1 ||     6
       Potion            |     1 |     3 ||     4
 Stab: Sleeping          |     1 |       ||     1
Armor: Animal skin       |     4 |     3 ||     7
Dodge: Dodged            |    43 |     9 ||    52

Table legend: (Time is in decaauts)
 A = Elapsed time spent in this place.
 B = Non-inter-level travel time spent in this place.
 C = Inter-level travel time spent in this place.
 D = Time resting spent in this place.
 E = Time spent auto-exploring this place.
 F = Levels seen in this place.
 G = Mean time per level.
                   A        B        C        D        E       F      G
               +--------+--------+--------+--------+--------+-----+--------+
         Total |   2497 |   2457 |     40 |    586 |   1458 |   4 |  624.2 |
       Dungeon |   2497 |   2457 |     40 |    586 |   1458 |   4 |  624.2 |
               +--------+--------+--------+--------+--------+-----+--------+

Top non-repeatable levels by time:
     D:1: 937 daAuts
     D:2: 839 daAuts
     D:3: 582 daAuts
     D:4: 137 daAuts
